 Dungeon Crawl Stone Soup version 0.25-a0-479-g8579842fd4 (webtiles) character file.

Game seed: 12176531185920200064, levelgen mode: deterministic

5 Gargoyl the Skirmisher (level 1, -3/19 HPs)
             Began as a Centaur Abyssal Knight on Feb 9, 2020.
             Was a Follower of Lugonu.
             Slain by a thrashing horror (14 damage)
             ... on level 1 of the Abyss.
             The game lasted 00:00:21 (168 turns).

Gargoyl the Skirmisher (Centaur Abyssal Knight)      Turns: 168, Time: 00:00:21

Health: -3/19      AC:  4    Str: 14    XL:     1   Next: 66%
Magic:  2/2        EV:  9    Int: 11    God:    Lugonu [*.....]
Gold:   24         SH:  0    Dex:  8    Spells: 0/0 levels left

rFire    . . .     SeeInvis .   a - +1 hand axe
rCold    . . .     Gourm    .   (no shield)
rNeg     . . .     Faith    .   b - +0 leather armour
rPois    .         Spirit   .   (no helmet)
rElec    .         Reflect  .   (no cloak)
rCorr    .         Harm     .   (no gloves)
MR       .....                  (no barding)
Stlth    ..........             (no amulet)
HPRegen  0.00/turn              (no ring)
MPRegen  0.08/turn              (no ring)

@: non-regenerating, mildly diseased, very quick
A: large, hooves 3, deformed body, speed 2, tough skin 3
a: Depart the Abyss, Renounce Religion


You were on level 1 of the Abyss.
You worshipped Lugonu.
Lugonu was aware of your devotion.
You were not hungry.

You visited 0 branches of the dungeon, and saw 0 of its levels.
You visited the Abyss 1 time.

You collected 24 gold pieces.

Inventory:

Hand Weapons
 a - a +1 hand axe (weapon)
Armour
 b - a +0 leather armour (worn)
Scrolls
 d - a scroll of fog {unknown}
Comestibles
 c - 2 rations


   Skills:
 + Level 3.2 Fighting
 + Level 1.8 Axes
 + Level 1.4 Armour
 + Level 0.6 Dodging
 + Level 2.0 Invocations


You couldn't memorise any spells.
You didn't know any spells.
Your spell library was empty.

Dungeon Overview and Level Annotations

Branches:
Dungeon (0/15)

Altars:


Innate Abilities, Weirdness & Mutations

You have hooves in place of feet.
Armour fits poorly on your strangely shaped body.
You cover ground very quickly.
You have extremely tough skin. (AC +3)


Message History

The ufetubus hits you but does no damage.
The ufetubus barely misses you.
You miss the ufetubus. The ufetubus barely misses you. x2
The ufetubus hits you. The ufetubus barely misses you.
You slash the ufetubus!
You kill the ufetubus!
You feel yourself slow down.
A wraith comes into view.
A wraith is nearby!
A small abomination comes into view.
Found 8 gold pieces.
A thrashing horror comes into view.
The thrashing horror roars!
The thrashing horror tramples you but does no damage. x2
The thrashing horror roars!
The thrashing horror tramples you.
You stumble backwards!
The thrashing horror roars!
The thrashing horror tramples you!
Ouch! That really hurt!
You die...

#........## ##
...####... ...#
...##..#...#### #
#.#..#..#### #.#
....#...#
#.....W#...###
##..##.#...#.#
...#....####..########
.#.#..#...##$.X@......#
#. .##...x..###.###..
#. ###x#.##......# ..
#.#.##...#..#
§X.##....## ## #..#.
#..#. ..x. #.#.#... .
... ...####. #.#.. . ##
..


You could see a thrashing horror and a small abomination.

Vanquished Creatures
  An ufetubus (Abyss:1)
1 creature vanquished.

Notes
Turn   | Place    | Note
-------+----------+-------------------------------------------
     0 | Abyss:1  | Gargoyl the Centaur Abyssal Knight began the quest for the
                  | Orb.
     0 | Abyss:1  | Reached XP level 1. HP: 19/19 MP: 2/2
    90 | Abyss:1  | Noticed a small abomination
    90 | Abyss:1  | Noticed an ancient zyme
   146 | Abyss:1  | Noticed a wraith
   151 | Abyss:1  | Noticed a small abomination
   158 | Abyss:1  | Noticed a small abomination
   159 | Abyss:1  | Noticed a thrashing horror
   168 | Abyss:1  | Slain by a thrashing horror

Levels and vault maps discovered:
Abyss:1

Action                   || total
-------------------------++-------
Melee: Hand axe          ||     4
  Use: Scroll            ||     1
       Potion            ||     1
Armor: Leather armour    ||     5
Dodge: Dodged            ||     4

Table legend:
 A = Non-vault XP
 B = Vault XP
 C = Vault XP percentage of total XP
 D = Non-vault monster count
 E = Vault monster count
 F = Vault count percentage of total count
                 A         B        C        D         E       F
            +---------+---------+-------+---------+---------+-------
      Total |       8 |       0 |   0.0 |       1 |       0 |   0.0
            +---------+---------+-------+---------+---------+-------
    Abyss:1 |       8 |       0 |   0.0 |       1 |       0 |   0.0
            +---------+---------+-------+---------+---------+-------
